Map: Acid Plant LE

Players

iGRushcrazy (Rushcrazy)

  • Race: Protoss Protoss
  • Spawn Location: 5:00

PtitDrogo - Winner!

  • Race: Protoss Protoss
  • Spawn Location: 11:00

Event: WCS Valencia 2018

VOD

Have the link to the VOD?

Description

Time

  • Played on: July 12, 2018, 6:49 a.m.
  • Length: 7:13

All games in this series

Show
View Real Time Build Order
Export as new Build Order

iGRushcrazy Protoss 

Build Orders:  

Get SALT Encoding   

  12  0:00  Probe  
  13  0:13  Probe  
  14  0:20  Pylon  
  14  0:25  Probe  
  15  0:34  Probe  
  15  0:40  Gateway  
  15  0:42  Probe  
  17  0:50  Assimilator  
  17  0:52  Probe  
  18  0:58  Assimilator  
  18  1:01  Probe  
  18  1:10  Probe  
  19  1:15  Gateway  
  20  1:19  Probe  
  21  1:28  Cybernetics Core  
  21  1:32  Probe  
  22  1:38  Pylon  
  22  1:44  Probe  
  23  1:56  Probe, Pylon  
  23  2:00  Warp Gate  
  24  2:07  Adept  
  24  2:08  Adept  
  28  2:15  Probe  
  29  2:24  Stargate  
  29  2:33  Pylon  
  28  2:44  Adept  
  30  2:45  Adept  
  30  2:48  Probe  
  36  3:29  Nexus  
  36  3:33  Shield Battery  
  33  3:37  Robotics Facility  
  33  3:48  Twilight Council  
  31  3:57  Probe  
  31  4:00  Pylon  
  33  4:10  Probe  
  33  4:15  Resonating Glaives  
  33  4:22  Probe  
  34  4:24  Observer  
  34  4:26  Sentry  
  37  4:34  Probe  
  37  4:36  Immortal  
  38  4:42  Probe  
  39  4:46  Probe  
  44  4:54  Probe  
  44  4:56  Gateway  
  44  4:58  Probe  
  46  5:00  Gateway  
  46  5:02  Stalker  
  46  5:06  Probe  
  44  5:12  Stalker  
  38  5:28  Probe  
  38  5:33  Gateway  
  33  5:37  Warp Prism, Stalker  
  33  5:39  Probe  
  33  5:41  Probe  
  36  5:52  Probe  
  36  5:54  Sentry  
  36  5:56  Sentry  
  41  6:02  Adept  
  43  6:06  Probe  
  43  6:09  Adept  
  45  6:15  Probe  
  45  6:18  Pylon  
  44  6:29  Adept x3  
  46  6:34  Adept  
  46  6:37  Adept  
  44  6:49  Probe  
  45  7:00  Adept x3  
  45  7:01  Adept x2  
Show
View Real Time Build Order
Export as new Build Order

PtitDrogo Protoss - Winner!

Build Orders: Phoenix Opening 

Get SALT Encoding   

  12  0:00  Probe  
  13  0:13  Probe  
  14  0:16  Pylon  
  14  0:24  Probe  
  15  0:32  Probe  
  15  0:38  Gateway  
  15  0:40  Probe  
  16  0:46  Assimilator  
  17  0:51  Probe  
  17  0:54  Assimilator  
  18  0:59  Probe  
  19  1:07  Probe  
  20  1:13  Gateway  
  20  1:17  Probe  
  20  1:25  Cybernetics Core  
  21  1:29  Probe  
  22  1:35  Pylon  
  22  1:42  Probe  
  23  1:52  Warp Gate  
  23  1:54  Probe  
  24  2:01  Sentry, Stalker  
  28  2:11  Pylon  
  28  2:35  Stalker x2  
  32  2:44  Nexus  
  32  2:48  Shield Battery  
  32  2:56  Probe  
  33  3:03  Stargate  
  33  3:10  Shield Battery  
  33  3:18  Gateway  
  32  3:27  Probe  
  32  3:33  Gateway, Sentry  
  35  3:37  Phoenix  
  35  3:39  Probe  
  35  3:40  Phoenix  
  36  3:51  Probe  
  39  3:56  Stalker  
  39  3:57  Probe  
  42  4:03  Probe  
  42  4:08  Shield Battery  
  42  4:09  Probe  
  43  4:12  Probe  
  43  4:13  Phoenix  
  47  4:17  Probe  
  47  4:20  Probe  
  48  4:25  Probe  
  48  4:30  Robotics Facility, Probe  
  50  4:37  Probe  
  52  4:42  Probe  
  52  4:44  Assimilator x2  
  52  4:45  Pylon  
  53  4:49  Probe  
  53  4:50  Phoenix  
  54  5:03  Probe x2  
  55  5:15  Probe x2  
  55  5:17  Phoenix  
  59  5:28  Probe  
  58  5:36  Probe  
  58  5:37  Phoenix  
  55  5:46  Probe  
  54  5:52  Forge  
  54  5:53  Immortal, Shield Battery  
  54  5:54  Pylon  
  54  5:57  Gateway, Adept  
  54  5:58  Adept  
  54  5:59  Gateway  
  62  6:10  Phoenix  
  62  6:15  Shield Battery  
  62  6:16  Shield Battery  
  64  6:22  Zealot x2  
  68  6:33  Phoenix  
  70  6:41  Gateway  
  70  6:43  Pylon  
  70  6:44  Pylon  
  70  6:45  Pylon  
  70  6:46  Pylon  
  70  6:47  Photon Cannon  
  70  6:50  Photon Cannon  
  70  7:03  Adept  
  70  7:04  Adept x3  
Tags
 
Add a new tag
Caveats
  • Supply blocks, unpowered buildings, or Contaminate may cause inaccurate times.
  • Supply counts are checked every 10 seconds.